 Dungeon Crawl Stone Soup version 0.28-a0-973-ga7f8b01127 (webtiles) character file.

Game seed: 15269123521153852190

28 fragbeetle the Ruffian (level 3, -6/28 HPs)
             Began as a Draconian Transmuter on Dec 2, 2021.
             Mangled by a gnoll (15 damage)
             ... on level 2 of the Dungeon.
             The game lasted 00:05:31 (1226 turns).

fragbeetle the Ruffian (Draconian Transmuter)       Turns: 1226, Time: 00:05:32

Health: -6/28      AC:  5    Str: 14    XL:     3   Next: 0%
Magic:  15/15      EV: 12    Int: 13    God:
Gold:   66         SH:  0    Dex: 11    Spells: 4/6 levels left

rFire   + . .      SeeInvis .     - Unarmed
rCold   . . .      Faith    .   (no shield)
rNeg    . . .      Spirit   .   (armour unavailable)
rPois   .          Reflect  .   (helmet restricted)
rElec   .          Harm     .   (no cloak)
rCorr   .          Rampage  .   (no gloves)
Will    .....                   (no boots)
Stlth   +.........              (no amulet)
HPRegen 0.09/turn               a - ring of magical power
MPRegen 0.14/turn               b - ring of protection from fire

@: on berserk cooldown, slowed, very slow
A: AC +5, unfitting armour, cold-blooded
a: no special abilities


You were on level 2 of the Dungeon.
You visited 1 branch of the dungeon, and saw 3 of its levels.

You collected 66 gold pieces.

Inventory:

Hand Weapons
 d - a +0 hunting sling
Jewellery
 a - a ring of magical power (left hand)
 b - a ring of protection from fire (right hand)
 e - a ring of flight
Scrolls
 f - a scroll of fear {unknown}


   Skills:
 + Level 1.1 Fighting
 + Level 1.9 Dodging
 + Level 3.5 Unarmed Combat
 - Level 2.2 Spellcasting
 + Level 2.5 Transmutations


You had 4 spell levels left.
You knew the following spells:

 Your Spells              Type           Power      Damage    Failure   Level
a - Beastly Appendage     Tmut           16%        N/A       9%          1
b - Sting                 Tmut/Pois      16%        1d3       16%         1

Your spell library contained the following spells:

 Spells                   Type           Power      Damage    Failure   Level
 Wereblood                Tmut           8%         N/A       13%         2
 Spider Form              Tmut/Pois      4%         N/A       41%         3
 Ice Form                 Ice/Tmut       4%         N/A       83%         4
 Alistair's Intoxication  Tmut/Pois      2%         N/A       99%         5
 Eringya's Noxious Bog    Tmut/Pois      2%         N/A       100%        6


Dungeon Overview and Level Annotations

Branches:
Dungeon (3/15)

Altars:
Sif Muna


Innate Abilities, Weirdness & Mutations

Your plain brown scales are hard. (AC +5)
You cannot fit into any form of body armour.
You are cold-blooded and may be slowed by cold attacks.


Message History

HP restored.
A rat and 2 gnolls come into view.
The gnoll shouts! x2
A gnoll comes into view. It is wielding a +1 whip of draining.
Casting: Beastly Appendage (safe; 9% risk of failure)
Confirm with . or Enter, or press ? or * to list all spells.
You grow a pair of large bovine horns.
Your feet morph into talons.
You punch the rat!
You kill the rat!
You have reached level 3!
Your experience leads to an increase in your attributes!
Increase (S)trength, (I)ntelligence, or (D)exterity?
You feel stronger. x2; Your scales feel tougher.
You aren't carrying any items that you can evoke.
Casting: Beastly Appendage (safe; 9% risk of failure)
Confirm with . or Enter, or press ? or * to list all spells.
Aiming: Sting (safe; 16% risk of failure)
Press: ? - help, Shift-Dir - straight line, f - gnoll
Aim: a gnoll, wielding a +3 halberd (69% to hit)
The sting hits the gnoll.
The gnoll is poisoned.
The gnoll is lightly wounded.
The gnoll hits you from afar with a +3 halberd!
The gnoll hits you from afar with a +3 halberd!
Ouch! That really hurt!
* * * LOW HITPOINT WARNING * * *
It was a potion of berserk rage.
A red film seems to cover your vision as you go berserk!
You feel yourself moving faster!
You feel mighty! The gnoll closely misses you.
You feel a strong urge to attack something.
Your transformation is almost over.
You feel your anger nearly subside.
You are no longer berserk.
You are exhausted.
You feel yourself slow down. The gnoll completely misses you.
Your horns disappear.
Your talons disappear.
The gnoll barely misses you.
The gnoll hits you from afar with a +3 halberd!
Ouch! That really hurt!
You die...

#.#.# #.# #. #.# #.#.# #.# #.#
#.# #.#.# #####.# ##g. # #.#.#
###....<#..#..# # #.#.#
#.......#..#..# # #.#.##
##.....#.#..#..# # ...#.##
#..._.......#..##########
..###.###......#.##.#......g...##
..
#.......รท....@#....########.## #
#########.....g....# #.##
#######gg.#########.##
##............## #...############
#...# # #...# # #..## # #..# #


You could see 3 gnolls.

Vanquished Creatures
  A worm (D:2)
  An endoplasm (D:1)
  A giant cockroach (D:2)
  2 goblins
  5 hobgoblins
  A kobold (D:1)
  A quokka (D:2)
  3 ball pythons
  2 bats
  2 frilled lizards (D:2)
  4 rats
23 creatures vanquished.

Notes
Turn   | Place    | Note
-------+----------+-------------------------------------------
     0 | D:1      | fragbeetle the Draconian Transmuter began the quest for the
                  | Orb.
     0 | D:1      | Reached XP level 1. HP: 16/16 MP: 3/3
    41 | D:2      | Got the Compendium of Contamination
   299 | D:2      | Found a shimmering blue altar of Sif Muna.
   408 | D:1      | Reached XP level 2. HP: 17/23 MP: 5/5
   915 | D:2      | Learned a level 1 spell: Sting
  1204 | D:2      | Reached XP level 3. HP: 28/28 MP: 6/6
  1226 | D:2      | Mangled by a gnoll

Illustrated notes

Levels and vault maps discovered:
D:1:      saegor_arrival_under_anarchy, layout_basic
D:2:      layout_loops_ring, ebering_ecumenical_altar_hall, basic_altar
D:3:      layout_basic, tso_metal_star

Action                   || total
-------------------------++-------
Melee: Unarmed           ||    67
       Kick              ||    16
       Headbutt          ||     6
       Tailslap          ||     3
 Cast: Beastly Appendage ||    19
       Sting             ||     3
  Use: Potion            ||     1
Armor: Skin              ||    15
Dodge: Dodged            ||    39

Table legend: (Time is in decaauts)
 A = Elapsed time spent in this place.
 B = Non-inter-level travel time spent in this place.
 C = Inter-level travel time spent in this place.
 D = Time resting spent in this place.
 E = Time spent auto-exploring this place.
 F = Levels seen in this place.
 G = Mean time per level.
                   A        B        C        D        E       F      G
               +--------+--------+--------+--------+--------+-----+--------+
         Total |   1230 |   1230 |      0 |      0 |    654 |   3 |  410.0 |
       Dungeon |   1230 |   1230 |      0 |      0 |    654 |   3 |  410.0 |
               +--------+--------+--------+--------+--------+-----+--------+

Top non-repeatable levels by time:
     D:1: 843 daAuts
     D:2: 374 daAuts
     D:3: 12 daAuts
